AoeStats
← [Tunjos]Lord_Antic

Arabia

510179645Analyzed
1v1 RM · 1d ago on Sep 29, 2026· 27m 30s· 2 players
Game mode
Random Map
Map size
Tiny (2 player)
Population
200
Speed
Normal
Resources
Standard
Victory
Conquest
Starting age
Dark Age
Ending age
Imperial Age
RankedLock teamsTeams togetherTeam positionsShared explorationLock speedFull tech treeHidden civsTurbo modeCheats
Victory
Defeat
🇨🇴 Spanish · Colombia
1266
+18
🇩🇪 Romans · Germany
1316
-18
R.
7:34 Loom
9:43 Feudal Age
9:51 Man-at-Arms
17:10 Scale Mail Armor
22:56 Fletching
28:25 Castle Age
[Tunjos]Lord_Antic
6:37 Loom
9:16 Feudal Age
9:52 Double-Bit Axe
16:42 Fletching
19:57 Stone Mining
25:22 Castle Age
23:53 Gold Mining
27:44 Bodkin Arrow
Connection lost

Rejoining the realm…

Still unreachable

The connection could not be restored.

Session expired

The server has moved on; the page needs a fresh start.